 Dungeon Sprint DCSS version 0.22-a0-346-ga714374 (webtiles) character file.

248304 emperorscorpion the Hoplite (level 18, -6/140 HPs)
             Began as a Gargoyle Fighter on Apr 6, 2018.
             Was the Champion of Okawaru.
             Killed from afar by a shadow dragon (23 damage)
             ... with a bolt of negative energy
             ... in the Dungeon (Sprint IX: "|||||||||||||||||||||||||||||").
             The game lasted 00:47:40 (3649 turns).

emperorscorpion the Hoplite (Gargoyle Fighter)      Turns: 3649, Time: 00:47:41

Health: -6/140     AC: 49    Str: 26    XL:     18   Next: 40%
Magic:  31/34      EV: 15    Int: 13    God:    Okawaru [******]
Gold:   270        SH: 26    Dex: 13    Spells: 31/33 levels left

rFire    + + .     SeeInvis +   a - +2 morningstar (crush)
rCold    . . .     Gourm    .   X - +0 large shield
rNeg     + . .     Faith    .   D - +0 crystal plate armour
rPois    ∞         Spirit   .   W - +0 helmet {Int+3}
rElec    +         Reflect  .   j - scarf {rC+ rF+}
rCorr    .         Harm     .   O - +1 pair of gloves {Dex+3}
MR       +....     Rnd*Rage +   s - +0 pair of boots {Fly} Stlth ..........NoTele +
                                y - amulet of magic regeneration
HPRegen  0.33/turn              K - ring of fire
MPRegen  0.49/turn              J - ring of see invisible

@: heroism, finesse, very slightly contaminated, drained
A: big wings, berserk 1, deterioration 1, negative energy resistance 1,
electricity resistance, unbreathing, petrification resistance, rot immunity, AC
+13
}: 4/15 runes: decaying, serpentine, barnacled, gossamer
a: Fly, Heroism, Finesse, Renounce Religion, Evoke Flight


You were in the Dungeon.
You worshipped Okawaru.
Okawaru was exalted by your worship.
You were hungry.

You visited 1 branch You collected 1867 gold pieces.
You spent 1597 gold pieces at shops.

Inventory:

Hand Weapons
 a - a +2 morningstar of crushing (weapon)
 b - the +8 whip "Snakebite" {curare, rPois}
   (Okawaru gifted it to you in the Dungeon)

   It poisons the flesh of those it strikes.
   It protects you from poison.
 c - the +8 demon whip "Mekloshe" {freeze, rPois rF- rN+ MR+}
   (Okawaru gifted it to you in the Dungeon)

   It has been specially enchanted to freeze those struck by it, causing extra
   injury to most foes and up to half again as much damage against particularly
   susceptible opponents.
   It can also slow down cold-blooded creatures.
   It makes you vulnerable to fire.
   It protects you from poison.
   It protects you from negative energy.
   It affects your resistance to hostile enchantments.
 r - a +5 eveningstar of holy wrath
 V - the +3 falchion of the Visionary {speed, rN++ Str-4 Int+2 Stlth+}
   (Okawaru gifted it to you in the Dungeon)

   Attacks with this weapon are significantly faster.
   It affects your strength (-4).
   It affects your intelligence (+2).
   It greatly protects you from negative energy.
   It makes you more stealthy.
Missiles
 t - 13 javelins of penetration (quivered)
Armour
 j - a scarf of resistance (worn)
 q - a +0 cloak of invisibility
 s - a +0 pair of boots of flying (worn)
 D - a +0 crystal plate armour (worn)
 F - a +0 pair of boots of stealth
 G - a +4 chain mail of fire resistance
 O - a +1 pair of gloves of dexterity (worn)
 P - +1 ice dragon scales
 T - a +0 scale mail
 W - a +0 helmet of intelligence (worn)
 X - a +0 large shield (worn)
 Y - a +0 plate armour
Magical Staves
 p - an uncursed staff of energy
Jewellery
 l - an uncursed ring of ice
 u - a +2 ring of evasion
 v - a +2 ring of protection
 y - an amulet of magic regeneration (around neck)
 J - a ring of see invisible (right hand)
 K - a ring of fire (left hand)
 M - an uncursed ring of ice
 N - an uncursed ring of protection from cold
 U - a +6 ring of strength
 Z - a +6 ring of dexterity
Wands
 o - a wand of acid (7)
Scrolls
 m - 5 scrolls of remove curse
 n - 2 scrolls of amnesia
 A - 9 scrolls of enchant armour
 B - 2 scrolls of fog
 C - 6 scrolls of enchant weapon
 H - 2 scrolls of fear
 I - 2 scrolls of silence
 S - 2 scrolls of identify
Potions
 d - a potion of might
 e - 5 potions of curing
 i - 4 potions of magic
 w - a potion of berserk rage
 x - 2 potions of agility
 E - a potion of flight
 L - a potion of cancellation
 Q - a potion of brilliance
 R - a potion of mutation
Miscellaneous
 z - a lightning rod (inert)
Comestibles
 f - 10 rations


   Skills:
 + Level 24.6(25.9) Fighting
 - Level 20.6(24.5) Maces & Flails
 + Level 3.1(7.4) Throwing
 + Level 19.0(23.0) Armour
 * Level 15.0(19.1) Dodging
 + Level 11.1(15.3) Stealth
 - Level 25.0(25.9) Shields
 - Level 8.3(7.5) Spellcasting
 - Level 8.2(7.4) Translocations
 + Level 17.9(17.0) Invocations
 + Level 24.2(23.2) Evocations


You had 31 spell levels left.
You knew the following spells:

 Your Spells              Type           Power        Failure   Level  Hunger
b - Blink                 Tloc           N/A          10%         2    #......


Dungeon Overview and Level Annotations

Branches:
Dungeon (1/1)

Altars:
Cheibriados
Dithmenos
Elyvilon
Fedhas
Gozag
Hepliaklqana
Kikubaaqudgha
Makhleb
Nemelex Xobeh
Okawaru
Qazlal
Ru
Sif Muna
Trog
Uskayaw
Vehumet
Wu Jian
Xom
Yredelemnul
Zin
The Shining One
Beogh
Jiyva
Lugonu

Shops:
D :(?*

Annotations:
D Lom Lobon, Mara, Margery


Innate Abilities, Weirdness & Mutations

You are resistant to torment.
Your stone body is resilient. (AC +13)
You are immune to poison.
Your large and strong wings let you fly indefinitely.
You resist negative energy. (rN+)
You are resistant to electric shocks. (rElec)
You can survive without breathing.
You are immune to petrification.
You are immune to rotting.
You tend to lose your temper in combat.
Your body sometimes deteriorates upon taking damage.


Message History

The golden dragon is moderately wounded.
The thunderbolt hits Margery.
Margery is severely wounded.
You block the shadow dragon's attack. x2
The shadow dragon claws you but does no damage.
Unknown command.
Evoke which item? (* to show all) (? for menu, Esc to quit)
Aiming: Thunderbolt
Press: ? - help, Shift-Dir - straight line, f/p - shadow dragon
Aim: a shadow dragon (heavily wounded, catching its breath, bound soul)
The thunderbolt hits the shadow dragon.
The shadow dragon is almost dead.
The thunderbolt hits the golden dragon.
The golden dragon resists.
The golden dragon is moderately wounded.
The thunderbolt hits Margery.
Margery is almost dead.
The lightning rod overheats!
The shadow dragon breathes negative energy at you.
The bolt of negative energy hits you! You partially resist.
You feel drained.
You die...

.................................
▓▓▓▓▓▓▓▓▓▓▓▓♣♣♣♣♣♣♣♣♣♣♣♣♣♣▓▓▓▓▓▓§
.†.))))()()'(...(.....[†.'.....§§
▓▓▓▓▓▓▓▓▓▓▓▓♣♣♣♣♣♣♣♣♣♣♣♣♣♣▓▓▓▓▓▓▓
.................................
▓▓▓▓▓▓▓▓▓▓▓▓▓▓▓▓▓▓▓▓▓▓▓▓▓▓▓▓▓▓▓▓.
....)))).....))))))))))..........
▓▓▓▓▓▓▓▓▓▓▓▓▓▓▓▓▓▓▓▓▓▓▓▓▓▓▓▓▓▓▓▓▓
..DD....D.......@DD@.§.R.@.......
▓▓▓▓▓▓▓▓▓▓▓▓▓▓▓▓▓▓▓▓▓▓▓▓▓▓▓▓▓▓▓▓.
,,,,,,,,,,,,,,,,,,,,,,,,,+,,,,,,,
*********************************
,,,,,,,,,,,,,,,,,,,,,,,,,,,,,,,,,
********************************,
,,,,,,+,,,,,,,,,,,,+,,,,,,,,,+,,,
*********************************
,,,,,,,,,,,,,,,,,,,,,,,,,,,,,,,,,


You could see Margery, Mara, a shadow dragon and a golden dragon.

Vanquished Creatures
  Mennas (D)
  2 ancient liches (D)
  Boris (D)
  A greater mummy (D)
  Sojobo (D)
  Frederick (D)
  Xtahua (D)
  Nikola (D)
  Jory (D)
  A lich (D)
  A deep elf blademaster (D)
  A sphinx (D)
  A death cob (D)
  7 shadow dragons (D)
  2 tengu reavers (D)
  4 nagarajas (D)
  Ilsuiw (D)
  A draconian scorcher (D)
  5 fire giants (D)
  3 vault wardens (D)
  Louise (D)
  Aizul (D)
  A ghost moth (D)
  A draconian annihilator (D)
  3 emperor scorpions (D)
  2 ironheart preservers (D)
  A war gargoyle (D)
  A very ugly thing (D)
  4 stone giants (D)
  A deep elf annihilator (D)
  Azrael (D)
  3 dire elephants (D)
  2 fire dragons (D)
  2 ettins (D)
  5 merfolk javelineers (D)
  4 merfolk impalers (D)
  4 great orbs of eyes (D)
  Harold (D)
  An ice dragon (D)
  A rakshasa (D)
  25 vault guards (D)
  2 naga warriors (D)
  8 hydras (D)
  3 yaktaur captains (D)
  A ghost crab (D)
  2 death knights (D)
  An ogre mage (D)
  2 merfolk avatars (D)
  A centaur warrior (D)
  2 merfolk aquamancers (D)
  Erica (D)
  An alligator (D)
  A deep troll earth mage (D)
  A dancing weapon (D)
  Urug (D)
  6 orc high priests (D)
  Nergalle (D)
  2 hell knights (D)
  A glowing orange brain (D)
  A naga ritualist (D)
  A skeletal warrior (D)
  A death drake (shapeshifter) (D)
  4 swamp dragons (D)
  14 orc knights (D)
  A harpy (D)
  2 orb spiders (D)
  An ironbrand convoker (D)
  3 necromancers (D)
  2 deep elf magi (D)
  3 wolf spiders (D)
  2 cyclopes (D)
  2 ugly things (D)
  2 moths of wrath (D)
  2 vault sentinels (D)
  A moth of wrath (shapeshifter) (D)
  5 elephants (D)
  4 guardian serpents (D)
  2 manticores (D)
  4 naga magi (D)
  3 black mambas (D)
  A gargoyle (D)
  3 spiny frogs (D)
  3 freezing wraiths (D)
  2 yaktaurs (D)
  2 guardian mummies (D)
  A rime drake (D)
  A komodo dragon (D)
  2 demonic crawlers (D)
  A queen bee (shapeshifter) (D)
  5 merfolk (D)
  A hornet (D)
  A troll (shapeshifter) (D)
  4 jumping spiders (D)
  A hornet (shapeshifter) (D)
  A hippogriff (shapeshifter) (D)
  A snapping turtle (D)
  A slime creature (D)
  A hippogriff (D)
  2 redbacks (D)
  3 tarantellas (D)
  A yak (D)
  A wyvern (D)
  3 fire elementals (D)
  A vampire mosquito (D)
  4 nagas (D)
  A soldier ant (shapeshifter) (D)
  An acid dragon (D)
  4 porcupines (D)
  3 hell hounds (D)
  3 water moccasins (D)
  2 swamp drakes (D)
  An eye of draining (D)
  9 orc warriors (D)
  A phantom (D)
  A centaur (D)
  A wolf (D)
  A crocodile (D)
  A big kobold (D)
  5 bullfrogs (D)
  A hound (D)
  A jelly (D)
  An orc priest (D)
  An iron imp (D)
  4 orc wizards (D)
  3 worker ants (D)
  An adder (D)
  An adder simulacrum (D)
  A leopard gecko (D)
  7 orcs (D)
  A ball python (D)
  A bat zombie (D)
  A hobgoblin (D)
  A frilled lizard (D)
  A goblin (D)
  A kobold (D)
  A leopard gecko zombie (D)
  A rat (D)
309 creatures vanquished.

Vanquished Creatures (others)
  2 spiny frogs (D)
  A bog body (D)
  An insubstantial wisp (D)
4 creatures vanquished.

Grand Total: 313 creatures vanquished

Notes
Turn   | Place    | Note
-------+----------+-------------------------------------------
     0 | D        | emperorscorpion the Gargoyle Fighter began the quest for the Orb.
     0 | D        | Reached XP level 1. HP: 14/14 MP: 1/1
    82 | D        | Noticed a jelly
    82 | D        | Noticed a worker ant
    82 | D        | Noticed a worker ant
    86 | D        | Killed a worker ant
    86 | D        | Reached skill level 4 in Shields
    86 | D        | Reached XP level 2. HP: 20/20 MP: 2/2
    86 | D        | Reached XP level 3. HP: 24/24 MP: 3/3
    95 | D        | Reached skill level 5 in Fighting
    95 | D        | Reached skill level 5 in Armour
    95 | D        | Reached skill level 5 in Shields
    96 | D        | Reached XP level 4. HP: 31/31 MP: 4/4
   111 | D        | Found a roughly hewn altar of Beogh.
   111 | D        | Found a snail-covered altar of Cheibriados.
   111 | D        | Found a shadowy altar of Dithmenos.
   111 | D        | Found a white marble altar of Elyvilon.
   111 | D        | Found a blossoming altar of Fedhas.
   111 | D        | Found an opulent altar of Gozag.
   112 | D        | Found a hazy altar of Hepliaklqana.
   113 | D        | Found a viscous altar of Jiyva.
   114 | D        | Found an ancient bone altar of Kikubaaqudgha.
   115 | D        | Found a corrupted altar of Lugonu.
   116 | D        | Found a burning altar of Makhleb.
   117 | D        | Found a sparkling altar of Nemelex Xobeh.
   118 | D        | Found an iron altar of Okawaru.
   119 | D        | Found a stormy altar of Qazlal.
   120 | D        | Found a sacrificial altar of Ru.
   121 | D        | Found a deep blue altar of Sif Muna.
   122 | D        | Found a bloodstained altar of Trog.
   123 | D        | Found a hide-covered altar of Uskayaw.
   124 | D        | Found a radiant altar of Vehumet.
   125 | D        | Found an ornate altar of the Wu Jian Council.
   126 | D        | Found a shimmering altar of Xom.
   128 | D        | Became a worshipper of Warmaster Okawaru
   130 | D        | Found a basalt altar of Yredelemnul.
   131 | D        | Found a glowing silver altar of Zin.
   132 | D        | Found a glowing golden altar of the Shining One.
   324 | D        | Noticed a bullfrog
   324 | D        | Noticed a hornet
   324 | D        | Noticed a centaur
   324 | D        | Noticed an eye of draining
   332 | D        | Killed an eye of draining
   332 | D        | Reached skill level 6 in Shields
   332 | D        | Reached XP level 5. HP: 37/37 MP: 0/5
   333 | D        | Killed a centaur
   333 | D        | Reached skill level 7 in Shields
   333 | D        | Reached XP level 6. HP: 44/44 MP: 0/6
   344 | D        | Killed a hornet
   344 | D        | Reached * piety under Okawaru
   344 | D        | Reached skill level 8 in Shields
   344 | D        | Reached XP level 7. HP: 32/48 MP: 2/7
   447 | D        | Noticed a meliai
   447 | D        | Noticed a cyclops
   447 | D        | Noticed a manticore
   447 | D        | Noticed a hippogriff
   447 | D        | a meliai changed into a hippogriff
   449 | D        | Reached skill level 10 in Maces & Flails
   453 | D        | Reached skill level 1 in Dodging
   459 | D        | Killed a manticore
   459 | D        | Reached ** piety under Okawaru
   459 | D        | Reached skill level 9 in Shields
   459 | D        | Reached XP level 8. HP: 43/56 MP: 6/8
   466 | D        | Killed a cyclops
   466 | D        | Reached *** piety under Okawaru
   474 | D        | Killed a hippogriff
   474 | D        | Reached skill level 1 in Invocations
   608 | D        | Noticed a wyvern
   608 | D        | Noticed a komodo dragon
   608 | D        | Noticed a spiny frog
   609 | D        | Noticed a spiny frog
   611 | D        | Reached skill level 10 in Shields
   611 | D        | Reached XP level 9. HP: 56/62 MP: 7/9
   613 | D        | Reached skill level 10 in Armour
   614 | D        | Killed a spiny frog
   614 | D        | Reached **** piety under Okawaru
   614 | D        | Reached skill level 10 in Fighting
   614 | D        | Killed a spiny frog
   615 | D        | Killed a komodo dragon
   615 | D        | Reached skill level 11 in Shields
   615 | D        | Reached skill level 1 in Evocations
   640 | D        | Noticed a rime drake
   651 | D        | Killed a rime drake
   651 | D        | Reached ***** piety under Okawaru
   651 | D        | Reached XP level 10. HP: 63/68 MP: 11/11
   688 | D        | Noticed an elephant
   688 | D        | Noticed a dire elephant
   688 | D        | Noticed an elephant
   688 | D        | Noticed a dire elephant
   688 | D        | Noticed an elephant
   688 | D        | Noticed an elephant
   691 | D        | Noticed a dire elephant
   693 | D        | Killed an elephant
   693 | D        | Reached skill level 15 in Maces & Flails
   694 | D        | Killed an elephant
   695 | D        | Killed a dire elephant
   695 | D        | Received a gift from Okawaru
   695 | D        | Reached skill level 12 in Shields
   695 | D        | Killed a dire elephant
   696 | D        | Killed an elephant
   696 | D        | Reached XP level 11. HP: 76/76 MP: 11/13
   697 | D        | Killed a dire elephant
   698 | D        | Got a ripped robe {god gift}
   701 | D        | Reached skill level 5 in Dodging
   701 | D        | Reached skill level 13 in Shields
   770 | D        | Noticed Erica
   774 | D        | Killed Erica
   774 | D        | Reached skill level 5 in Evocations
   797 | D        | Noticed Urug
   806 | D        | Killed Urug
   858 | D        | Noticed a stone giant
   872 | D        | Killed a stone giant
   912 | D        | Noticed an orc knight
   916 | D        | Killed an orc knight
   917 | D        | Noticed an orc knight
   920 | D        | Noticed an orc high priest
   956 | D        | Killed an orc knight
   956 | D        | Reached ****** piety under Okawaru
   956 | D        | Reached skill level 14 in Shields
   969 | D        | Killed an orc high priest
  1006 | D        | Reached XP level 12. HP: 32/84 MP: 17/17
  1026 | D        | Found Leprytiu's Assorted Antiques.
  1026 | D        | Noticed an orc high priest
  1026 | D        | Noticed an orc high priest
  1026 | D        | Noticed an orc high priest
  1029 | D        | Killed an orc high priest
  1031 | D        | Killed an orc high priest
  1031 | D        | Killed an orc high priest
  1031 | D        | Reached skill level 5 in Invocations
  1081 | D        | Received a gift from Okawaru
  1148 | D        | Found Syof's Magic Scroll Shop.
  1170 | D        | Found Vonep's Weapon Boutique.
  1176 | D        | Found Ynweh's Book Shop.
  1179 | D        | Bought a scroll labeled DOREABEGAPP for 25 gold pieces
  1179 | D        | Bought a scroll of blinking for 187 gold pieces
  1179 | D        | Identified the +2 robe "Goidd" {rF+ Regen+ Dex-2 Slay+3} (Okawaru gifted it to you in the Dungeon)
  1181 | D        | Noticed an orc high priest
  1182 | D        | Bought a scroll of magic mapping for 45 gold pieces
  1185 | D        | Noticed an orc high priest
  1186 | D        | Killed an orc high priest
  1186 | D        | Reached skill level 15 in Shields
  1192 | D        | Killed an orc high priest
  1195 | D        | Bought a book of Misfortune for 280 gold pieces
  1195 | D        | Bought a book of Minor Magic for 280 gold pieces
  1199 | D        | Bought a scroll of fear for 45 gold pieces
  1199 | D        | Bought a scroll of silence for 97 gold pieces
  1199 | D        | Bought a scroll of blinking for 97 gold pieces
  1199 | D        | Bought a scroll of enchant armour for 97 gold pieces
  1199 | D        | Bought a scroll of enchant armour for 97 gold pieces
  1199 | D        | Bought a scroll of enchant armour for 97 gold pieces
  1201 | D        | Bought an encrusted cabochon ring for 125 gold pieces
  1201 | D        | Bought a peridot ring for 125 gold pieces
  1266 | D        | Noticed Harold
  1282 | D        | Killed Harold
  1400 | D        | Noticed a centaur warrior
  1407 | D        | Killed a centaur warrior
  1407 | D        | Reached skill level 10 in Evocations
  1416 | D        | Noticed a fire giant
  1421 | D        | Noticed a fire dragon
  1421 | D        | Received a gift from Okawaru
  1421 | D        | Reached XP level 13. HP: 91/91 MP: 20/20
  1422 | D        | Found the +8 whip "Snakebite" {curare, rPois}
  1426 | D        | Noticed an ettin
  1427 | D        | Killed a fire giant
  1429 | D        | Killed a fire dragon
  1429 | D        | Reached skill level 15 in Fighting
  1432 | D        | Killed an ettin
  1462 | D        | Noticed Aizul
  1502 | D        | Killed Aizul
  1502 | D        | Reached skill level 16 in Shields
  1623 | D        | Received a gift from Okawaru
  1624 | D        | Got a translucent falchion {god gift}
  1641 | D        | Reached skill level 17 in Shields
  1647 | D        | Reached skill level 1 in Stealth
  1664 | D        | Identified the +3 falchion of the Visionary {speed, rN++ Str-4 Int+2 Stlth+} (Okawaru gifted it to you in the Dungeon)
  1666 | D        | Noticed a merfolk javelineer
  1672 | D        | Noticed a merfolk impaler
  1674 | D        | Killed a merfolk javelineer
  1677 | D        | Killed a merfolk impaler
  1677 | D        | Received a gift from Okawaru
  1715 | D        | Noticed Nergalle
  1728 | D        | Killed Nergalle
  1728 | D        | Reached skill level 18 in Shields
  1728 | D        | Gained mutation: Your large and strong wings let you fly indefinitely. [Gargoyle growth]
  1728 | D        | Reached XP level 14. HP: 31/100 MP: 22/24
  1772 | D        | Noticed Azrael
  1781 | D        | Killed Azrael
  1842 | D        | Noticed a fire giant
  1842 | D        | Noticed a stone giant
  1846 | D        | Killed a stone giant
  1881 | D        | Killed a fire giant
  1921 | D        | Noticed a fire giant
  1925 | D        | Noticed a white very ugly thing
  1927 | D        | Killed a fire giant
  1927 | D        | Reached skill level 19 in Shields
  1931 | D        | Killed a white very ugly thing
  1933 | D        | Noticed a fire giant
  2031 | D        | Killed a fire giant
  2108 | D        | Noticed a lich
  2141 | D        | Noticed a Hell Sentinel
  2144 | D        | Killed a lich
  2144 | D        | Reached skill level 15 in Armour
  2144 | D        | Reached skill level 15 in Evocations
  2186 | D        | Received a gift from Okawaru
  2187 | D        | Got a dazzling mace {god gift}
  2188 | D        | Identified the +5 mace of Subterfuge {drain, MR+ Dex+3} (Okawaru gifted it to you in the Dungeon)
  2198 | D        | Noticed a vault warden
  2207 | D        | Killed a vault warden
  2212 | D        | Noticed a sphinx
  2214 | D        | Reached skill level 20 in Shields
  2215 | D        | Noticed a fire giant
  2220 | D        | Killed a sphinx
  2220 | D        | Reached XP level 15. HP: 75/107 MP: 27/27
  2224 | D        | Received a gift from Okawaru
  2226 | D        | Killed a fire giant
  2275 | D        | Noticed Louise
  2310 | D        | Killed Louise
  2376 | D        | Noticed Frederick
  2458 | D        | Killed Frederick
  2458 | D        | Reached skill level 21 in Shields
  2458 | D        | Reached skill level 10 in Invocations
  2624 | D        | Noticed Boris
  2666 | D        | Killed Boris
  2666 | D        | Received a gift from Okawaru
  2672 | D        | Got a brightly glowing demon whip {god gift}
  2673 | D        | Identified the +8 demon whip "Mekloshe" {freeze, rPois rF- rN+ MR+} (Okawaru gifted it to you in the Dungeon)
  2715 | D        | Noticed Nikola
  2774 | D        | Killed Nikola
  2774 | D        | Reached skill level 1 in Throwing
  2864 | D        | Received a gift from Okawaru
  2871 | D        | Reached skill level 5 in Stealth
  2887 | D        | Got a decaying rune of Zot
  2896 | D        | Noticed Ilsuiw
  2905 | D        | Reached skill level 22 in Shields
  2913 | D        | Reached XP level 16. HP: 116/116 MP: 29/29
  2915 | D        | Killed Ilsuiw
  2932 | D        | Got a barnacled rune of Zot
  2953 | D        | Received a gift from Okawaru
  2959 | D        | Reached skill level 23 in Shields
  2974 | D        | Got a gossamer rune of Zot
  2992 | D        | Noticed a nagaraja
  2993 | D        | Noticed a nagaraja
  2996 | D        | Noticed a nagaraja
  3002 | D        | Killed a nagaraja
  3004 | D        | Killed a nagaraja
  3006 | D        | Noticed a nagaraja
  3006 | D        | Killed a nagaraja
  3008 | D        | Killed a nagaraja
  3017 | D        | Got a serpentine rune of Zot
  3029 | D        | Noticed Jory
  3054 | D        | Killed Jory
  3054 | D        | Reached skill level 24 in Shields
  3069 | D        | Noticed Mennas
  3111 | D        | Killed Mennas
  3111 | D        | Received a gift from Okawaru
  3111 | D        | Reached skill level 10 in Stealth
  3153 | D        | Learned a level 2 spell: Blink
  3198 | D        | Reached skill level 1 in Spellcasting
  3198 | D        | Reached skill level 1 in Translocations
  3211 | D        | Reached skill level 25 in Shields
  3211 | D        | Reached XP level 17. HP: 108/125 MP: 31/31
  3220 | D        | Reached skill level 10 in Dodging
  3262 | D        | Reached skill level 5 in Spellcasting
  3262 | D        | Reached skill level 5 in Translocations
  3297 | D        | Reached skill level 15 in Invocations
  3304 | D        | Received a gift from Okawaru
  3349 | D        | Identified the +6 chain mail of the Ecumenical Temple {Dex+4 SInv} (You found it in the Dungeon)
  3388 | D        | Noticed a deep elf blademaster
  3396 | D        | Killed a deep elf blademaster
  3427 | D        | Noticed a death cob
  3427 | D        | Noticed an ancient lich
  3427 | D        | Noticed a greater mummy
  3433 | D        | Killed a death cob
  3440 | D        | Killed an ancient lich
  3456 | D        | Killed a greater mummy
  3463 | D        | Noticed an ancient lich
  3469 | D        | Received a gift from Okawaru
  3482 | D        | Paralysed by an ancient lich for 5 turns
  3494 | D        | Killed an ancient lich
  3495 | D        | Reached XP level 18. HP: 57/136 MP: 33/33
  3510 | D        | Noticed an orb of fire
  3510 | D        | Noticed Lom Lobon
  3518 | D        | Gained mutation: You tend to lose your temper in combat. [an orb of fire]
  3521 | D        | Gained mutation: Your body sometimes deteriorates upon taking damage. [an orb of fire]
  3522 | D        | Noticed a titan
  3534 | D        | Noticed a golden dragon
  3548 | D        | Received a gift from Okawaru
  3558 | D        | Noticed Xtahua
  3561 | D        | Paralysed by Xtahua for 2 turns
  3562 | D        | HP: 1/138 [Xtahua/searing blast (12)]
  3565 | D        | Noticed Sojobo
  3581 | D        | Killed Xtahua
  3585 | D        | Killed Sojobo
  3611 | D        | Noticed Mara
  3613 | D        | Noticed Margery
  3638 | D        | Reached skill level 15 in Dodging
  3640 | D        | Noticed emperorscorpion's illusion
  3649 | D        | Killed from afar by a shadow dragon

Vault maps used:
D:        linesprint

Skill      XL: |  1  2  3  4  5  6  7  8  9 10 11 12 13 14 15 16 17 18 |
---------------+-------------------------------------------------------+-----
Fighting       | 4 5 6 7 8 9 10 11 13 14 16 17 19 20 23 24 | 24.6
Maces & Flails | 3 4 6 7 9 11 12 14 16 17 18 19 20 | 20.6
Armour         | 4 5 6 7 8 9 10 11 12 13 15 16 17 18 19 | 19.0
Shields        | 4 5 6 7 8 9 10 11 12 14 15 18 20 22 25 | 25.0
Dodging        | 1 2 3 4 6 7 8 9 13 15 | 15.0
Invocations    | 1 2 4 6 7 8 13 14 16 17 | 17.9
Evocations     | 1 3 7 10 13 16 18 20 23 24 | 24.2
Stealth        | 1 2 6 10 11 | 11.1
Throwing       | 2 3 |  3.1
Spellcasting   | 4 8 |  8.3
Translocations | 3 8 |  8.2

Action                   |  1- 3 |  4- 6 |  7- 9 | 10-12 | 13-15 | 16-18 || total
-------------------------+-------+-------+-------+-------+-------+-------++-------
Melee: Flail             |    29 |     9 |       |       |       |       ||    38
       Morningstar       |       |    19 |    62 |   126 |   203 |   221 ||   631
       Whip              |       |       |       |       |    17 |       ||    17
       Eveningstar       |       |       |       |       |       |    48 ||    48
Throw: Throwing net      |       |       |       |       |     2 |     1 ||     3
 Cast: Blink             |       |       |       |       |       |    12 ||    12
Invok: Heroism           |       |       |     2 |     7 |    11 |     6 ||    26
       Finesse           |       |       |       |     1 |     4 |     6 ||    11
 Abil: Fly               |       |       |       |       |     1 |       ||     1
       Stop Flying       |       |       |       |       |       |     1 ||     1
Evoke: Lightning rod     |       |       |     4 |    43 |    88 |    90 ||   225
       Wand              |       |       |       |       |     2 |     1 ||     3
  Use: Potion            |     1 |       |     2 |     1 |     2 |    15 ||    21
       Scroll            |       |       |       |     2 |       |     7 ||     9
 Stab: Distracted        |       |       |       |       |     1 |       ||     1
       Held in net/web   |       |       |       |       |     2 |     1 ||     3
       Invisible         |       |       |       |       |       |     3 ||     3
  Eat: Chunk             |       |       |       |     1 |     1 |       ||     2
       Ration            |       |       |       |     1 |     1 |       ||     2
Armor: Scale mail        |     6 |     7 |    20 |     9 |       |       ||    42
       Chain mail        |       |       |       |    15 |    65 |       ||    80
       Plate armour      |       |       |       |       |    22 |    37 ||    59
       Crystal plate arm |       |       |       |       |       |    50 ||    50
Dodge: Dodged            |     8 |     7 |    26 |    23 |    76 |    66 ||   206
Block: Shield            |    12 |    10 |    35 |    61 |   111 |       ||   229
       Large shield      |       |       |       |       |    48 |   245 ||   293

Table legend:
 A = Spawn XP
 B = Non-spawn XP
 C = Spawn XP percentage of total XP
 D = Spawn monster count
 E = Non-spawn monster count
 F = Spawn count percentage of total count
 G = Total turns spent on level
                    A         B        C        D         E        F      G
               +---------+---------+-------+---------+---------+-------+---------
         Total |       0 |  273262 |   0.0 |       0 |     310 |   0.0 |  3649
               +---------+---------+-------+---------+---------+-------+---------
             D |       0 |  273262 |   0.0 |       0 |     310 |   0.0 |  3649
               +---------+---------+-------+---------+---------+-------+---------
